 Dungeon Crawl Stone Soup version 0.28.0-45-g0d030f2227 (webtiles) character file.

Game seed: 4115140082254284607

1477 protoss039 the Conjurer (level 8, -2/61 HPs)
             Began as a Demonspawn Conjurer on May 13, 2022.
             Slain by a black bear (8 damage)
             ... on level 5 of the Dungeon.
             The game lasted 00:11:42 (6050 turns).

protoss039 the Conjurer (Demonspawn Conjurer)       Turns: 6050, Time: 00:11:42

Health: -2/61      AC:  5    Str:  7    XL:     8   Next: 49%
Magic:  16/25      EV: 12    Int: 23    God:
Gold:   178        SH:  4    Dex: 15    Spells: 8/18 levels left

rFire   . . .      SeeInvis .   o - +5 trident "Wyul Xipt" {pain, rC+ rN+ Will+ Dex+4}
rCold   + . .      Faith    .   (no shield)
rNeg    + . .      Spirit   .   a - +0 robe
rPois   .          Reflect  .   g - +2 helmet
rElec   .          Harm     .   (no cloak)
rCorr   .          Rampage  .   (gloves unavailable)
Will    +....                   (no boots)
Stlth   ++........              (no amulet)
HPRegen 0.20/turn               d - ring of magical power
MPRegen 0.19/turn               (no ring)

@: no status effects
A: claws 3, condensation shield
a: no special abilities


You were on level 5 of the Dungeon.
You visited 1 branch of the dungeon, and saw 5 of its levels.

You collected 178 gold pieces.

Inventory:

Hand Weapons
 c - a +0 dagger of protection
 o - the +5 trident "Wyul Xipt" (weapon) {pain, rC+ rN+ Will+ Dex+4}
   (You found it on level 3 of the Dungeon)

   In the hands of one skilled in necromantic magic, it inflicts extra damage on
   living creatures.
   Dex:       It affects your dexterity (+4).
   rC:        It protects you from cold.
   rN:        It protects you from negative energy.
   Will:      It increases your willpower.
 r - a +2 whip of freezing
Armour
 a - a +0 robe (worn)
 g - a +2 helmet (worn)
Jewellery
 d - a ring of magical power (left claw)
 k - a ring of flight
 l - a ring of protection from cold
 q - a ring of protection from cold
Scrolls
 b - 2 scrolls of teleportation
 f - 2 scrolls of immolation
 h - a scroll of identify
 i - 2 scrolls of blinking
 s - a scroll of amnesia {unknown}
 t - a scroll of enchant armour {unknown}
Potions
 e - a potion of resistance {unknown}
 j - a potion of mutation {unknown}
 m - a potion of curing
 n - a potion of heal wounds {unknown}
 p - a potion of haste
 u - a potion of degeneration {unknown}
 v - a potion of invisibility {unknown}


   Skills:
 * Level 4.9 Fighting
 - Level 3.0 Armour
 - Level 1.7 Dodging
 - Level 1.7 Stealth
 + Level 5.8 Spellcasting
 + Level 7.3 Conjurations


You had 8 spell levels left.
You knew the following spells:

 Your Spells              Type           Power      Damage    Failure   Level
a - Magic Dart            Conj           100%       1d8       1%          1
b - Searing Ray           Conj           80%        2d7       1%          2
c - Dazzling Flash        Conj/Hex       46%        N/A       6%          3
d - Fulminant Prism       Conj/Hex       11%        3d9       19%         4

Your spell library contained the following spells:

 Spells                   Type           Power      Damage    Failure   Level
 Summon Small Mammal      Summ           24%        N/A       9%          1
 Iskenderun's Mystic Bla  Conj/Tloc      23%        2d6       19%         4
 Call Canine Familiar     Summ           6%         N/A       26%         3
 Summon Guardian Golem    Hex/Summ       6%         N/A       26%         3


Dungeon Overview and Level Annotations

Branches:
Dungeon (5/15)
 Temple: D:4-7

Altars:
Nemelex Xobeh


Innate Abilities, Weirdness & Mutations

You have claws for hands.
A meltable shield of frost defends you. (SH +4)


Message History

The black bear is severely wounded.
The black bear bites you. You block the black bear's attack.
The black bear claws you.
Reach: o) +5 trident "Wyul Xipt" {pain, rC+ rN+ Will+ Dex+4}
Press: ? - help, Dir - move target, f/p - black bear
Aim: a black bear (severely wounded, about 28% to evade the +5 trident "Wyul Xipt")
You hit the black bear.
The black bear is severely wounded.
The black bear goes berserk!
Unknown command.
Reach: o) +5 trident "Wyul Xipt" {pain, rC+ rN+ Will+ Dex+4}
Press: ? - help, Dir - move target, f/p - black bear
Aim: a black bear (severely wounded, berserk, about 28% to evade the +5 trident "Wyul Xipt")
You hit the black bear.
The black bear is almost dead.
You block the black bear's attack.
The black bear claws you but does no damage.
You block the black bear's attack. The black bear bites you!
The black bear claws you but does no damage.
The black bear claws you.
* * * LOW HITPOINT WARNING * * *
Unknown command.
Casting: Magic Dart (safe; 1% risk of failure)
Confirm with . or Enter, or press ? or * to list all spells.
Aiming: Searing Ray (safe; 1% risk of failure)
Press: ? - help, Shift-Dir - straight line, f/p - black bear
Aim: a black bear (almost dead, berserk, 87% to hit)
The searing ray misses the black bear. (Press . to maintain the ray.)
The black bear barely misses you. The black bear claws you.
* * * LOW HITPOINT WARNING * * *
The black bear closely misses you. The black bear bites you.
* * * LOW HITPOINT WARNING * * *
The black bear barely misses you. The black bear claws you.
* * * LOW HITPOINT WARNING * * *
The searing ray hits the black bear.
The black bear is almost dead.
A shadow imp comes into view.
The black bear bites you!
You die...

###########
....<#.....####
##..........$....##
#.................
#.............)#
#............@#
#............#h#
#........>...##)#
#............# #)#
### #...........#
#5#
#..##......#....#
#.#
...#..#.######..#.
#.# .
#....#.#######..##
#. ..#..........#
....


You could see a black bear (berserk) and a shadow imp (wandering).

Vanquished Creatures
  Pikel (D:4)
  A sky beast (D:5)
  An ice beast (D:5)
  3 ogres (D:5)
  2 lemures (D:4)
  A phantom (D:4)
  3 scorpions (D:4)
  2 hounds (D:5)
  A bullfrog skeleton (D:5)
  A centaur skeleton (D:4)
  An orc priest (D:4)
  An iguana (D:5)
  Natasha (D:1)
  A hound skeleton (D:5)
  Robin (D:1)
  An adder (D:3)
  A shadow imp (D:5)
  A white imp (D:5)
  4 worms
  A dart slug (D:5)
  9 orcs
  3 endoplasms
  5 giant cockroaches
  14 goblins
  6 hobgoblins
  2 jackals (D:4)
  6 quokkas
  10 ball pythons
  7 bats
  5 frilled lizards
  7 kobolds
  8 rats
111 creatures vanquished.

Vanquished Creatures (others)
  4 plants (D:1)
4 creatures vanquished.

Grand Total: 115 creatures vanquished

Notes
Turn   | Place    | Note
-------+----------+-------------------------------------------
     0 | D:1      | protoss039 the Demonspawn Conjurer began the quest for the
                  | Orb.
     0 | D:1      | Reached XP level 1. HP: 13/13 MP: 3/3
    31 | D:1      | Found a faded altar of an unknown god.
   480 | D:1      | Reached skill level 1 in Fighting
   500 | D:1      | Gained mutation: You have sharp fingernails. [demonic
                  | ancestry]
   500 | D:1      | Reached XP level 2. HP: 20/21 MP: 3/5
  1341 | D:2      | Noticed Natasha
  1383 | D:2      | Noticed a crimson imp
  1393 | D:1      | Killed Natasha
  1394 | D:1      | Reached XP level 3. HP: 15/27 MP: 0/6
  1939 | D:2      | Learned a level 2 spell: Searing Ray
  2041 | D:2      | Noticed Robin
  2050 | D:2      | Reached XP level 4. HP: 30/34 MP: 1/7
  2168 | D:1      | Killed Robin
  2232 | D:2      | Learned a level 3 spell: Dazzling Flash
  3762 | D:3      | Identified the +5 trident "Wyul Xipt" {pain, rC+ rN+ Will+
                  | Dex+4}
  4233 | D:4      | Noticed a phantom
  4242 | D:4      | Killed a phantom
  4243 | D:4      | Reached skill level 5 in Conjurations
  4243 | D:4      | Gained mutation: You have very sharp fingernails. [demonic
                  | ancestry]
  4243 | D:4      | Reached XP level 5. HP: 41/41 MP: 10/10
  4360 | D:4      | Reached XP level 6. HP: 47/47 MP: 11/11
  4390 | D:4      | Noticed Pikel
  4455 | D:4      | Killed Pikel
  4456 | D:4      | Reached skill level 5 in Spellcasting
  4456 | D:4      | Reached skill level 6 in Conjurations
  4456 | D:4      | Gained mutation: A meltable shield of frost defends you.
                  | (SH +4) [demonic ancestry]
  4456 | D:4      | Reached XP level 7. HP: 8/52 MP: 1/14
  4873 | D:4      | Found a sparkling altar of Nemelex Xobeh.
  5019 | D:4      | Reached skill level 1 in Armour
  5724 | D:4      | Learned a level 4 spell: Fulminant Prism
  5725 | D:5      | Entered Level 5 of the Dungeon
  5855 | D:5      | Reached skill level 7 in Conjurations
  5855 | D:5      | Gained mutation: You have claws for hands. [demonic
                  | ancestry]
  5855 | D:5      | Reached XP level 8. HP: 60/60 MP: 16/16
  6050 | D:5      | Slain by a black bear

Illustrated notes

Levels and vault maps discovered:
D:1:      wander_arrival_fairy_ring, layout_loops_ring,
          ebering_ecumenical_altar_webs, serial_bayou_lake_a
D:2:      layout_basic, uniq_robin, uniq_natasha
D:3:      layout_loops_cross, minmay_vboxes
D:4:      layout_layer_cave, nemelex_dance_club_becter, uniq_pikel
D:5:      layout_rooms, minmay_temple_entry_mist, minmay_circle_x

Skill      XL: |  1  2  3  4  5  6  7  8 |
---------------+-------------------------+-----
Fighting       | 1 2 3 4 |  4.9
Spellcasting   | 3 5 |  5.8
Conjurations   | 5 6 7 |  7.3
Armour         | 2 3 |  3.0
Dodging        | |  1.7
Stealth        | |  1.7

Action                   |  1- 3 |  4- 6 |  7- 9 || total
-------------------------+-------+-------+-------++-------
Melee: Dagger            |   109 |    87 |       ||   196
       Trident           |       |    24 |    65 ||    89
 Cast: Magic Dart        |    53 |    32 |     5 ||    90
       Searing Ray       |     1 |    16 |     6 ||    23
  Use: Potion            |       |     1 |       ||     1
       Scroll            |       |       |     3 ||     3
 Stab: Sleeping          |     1 |       |     1 ||     2
       Distracted        |       |       |     1 ||     1
Armor: Robe              |    42 |    54 |    22 ||   118
Dodge: Dodged            |   103 |    91 |    49 ||   243
Block: Other             |       |       |     9 ||     9
